 Dungeon Crawl Stone Soup version 0.17.0 (webtiles) character file.

10631 Eucla the Bludgeoner (level 11, -3/123 HPs)
             Began as an Ogre Berserker on Nov 15, 2015.
             Was a High Priest of Trog.
             Slain by a crocodile (6 damage)
             ... on level 10 of the Dungeon.
             The game lasted 00:16:36 (10827 turns).

Eucla the Bludgeoner (Ogre Berserker)              Turns: 10827, Time: 00:16:36

Health: -3/123     AC:  6    Str: 24    XL:     11   Next: 65%
Magic:  11/11      EV: 14    Int:  6    God:    Trog [*****.]
Gold:   471        SH:  0    Dex: 12    Spells: 0 memorised, 10 levels left

rFire  . . .     SeeInvis .     D - +2 whip (elec)
rCold  . . .     Clarity  .     B - +2 robe of Spite {rN+}
rNeg   + + .     SustAt   .     (no shield)
rPois  .         Gourm    .     (helmet restricted)
rElec  .         Spirit   .     O - +0 cloak
rCorr  .         Warding  .     (gloves unavailable)
rMut   .         Stasis   .     (boots unavailable)
MR     +....                    (no amulet)
Stlth  +.........               (no ring)
                                m - ring of positive energy

@: exhausted, slowed, very slow, somewhat resistant to hostile enchantments,
very unstealthy
A: unfitting armour, tough skin 1
a: Berserk, Trog's Hand, Brothers in Arms, Burn Spellbooks, Renounce Religion


You were on level 10 of the Dungeon.
You worshipped Trog.
Trog was extremely pleased with you.
You were not hungry.

You visited 2 branches of the dungeon, and saw 11 of its levels.
You also visited: Ossuary.

You collected 471 gold pieces.

Inventory:

Hand Weapons
 D - a +2 whip of electrocution (weapon)
 T - the +1 whip of Juraibeo {pain, MR+}
   (You found it on level 9 of the Dungeon)

   In the hands of one skilled in necromantic magic, it inflicts extra damage on
   living creatures.
   It affects your resistance to hostile enchantments.
 U - a +0 giant spiked club
Missiles
 w - 2 javelins of returning (quivered)
Armour
 B - the +2 robe of Spite (worn) {rN+}
   (You found it on level 6 of the Dungeon)

   It protects you from negative energy.
 O - a +0 cloak (worn)
Jewellery
 m - a ring of positive energy (left hand)
 I - an uncursed ring of poison resistance {unknown}
 M - an uncursed ring of fire {unknown}
 Z - an uncursed ring of poison resistance {unknown}
Wands
 v - a wand of heal wounds (6)
 A - a wand of lightning (8)
 K - a wand of paralysis (12)
 P - a wand of lightning (8)
 Y - a wand of fireball (7)
Scrolls
 b - a scroll of magic mapping {unknown}
 d - 3 scrolls of remove curse {unknown}
 h - 5 scrolls of enchant weapon {unknown}
 i - 4 scrolls of teleportation {unknown}
 k - 7 scrolls of identify {unknown}
 l - 3 scrolls of random uselessness {unknown}
 q - 2 scrolls of fog {unknown}
 r - 2 scrolls of fear {unknown}
 x - 2 scrolls of enchant armour {unknown}
 z - a scroll of noise {unknown}
 C - 2 scrolls of amnesia {unknown}
 E - a scroll of immolation {unknown}
 G - 3 scrolls of blinking {unknown}
 J - 2 scrolls of summoning {unknown}
 R - 2 scrolls of recharging {unknown}
Potions
 e - 2 potions of magic {unknown}
 g - 15 potions of curing
 n - a potion of brilliance {unknown}
 p - 2 potions of heal wounds {unknown}
 s - 2 potions of ambrosia {unknown}
 F - a potion of degeneration {unknown}
 H - 3 potions of mutation {unknown}
 L - a potion of cure mutation {unknown}
 N - a potion of haste {unknown}
 V - 2 potions of might {unknown}
 W - 2 potions of agility {unknown}
Miscellaneous
 X - a plain deck of wonders
Comestibles
 a - a slice of pizza
 c - 6 bread rations
 f - 5 meat rations


   Skills:
 + Level 12.0 Fighting
 * Level 16.2 Maces & Flails
 + Level 8.8 Dodging


You had 10 spell levels left.
You didn't know any spells.

Dungeon Overview and Level Annotations

Branches:
Dungeon (10/15)            Temple (0/1) D:5            Lair (1/8) D:10
    Orc (0/4) D:9

Altars:
Dithmenos
Gozag
Kikubaaqudgha
Qazlal
Ru
Sif Muna
Yredelemnul
The Shining One


Innate Abilities, Weirdness & Mutations

You are too large for most types of armour.
You have tough skin (AC +1).


Message History

Unknown command.
You are too injured to fight recklessly!
You are too injured to fight recklessly!
Unknown command.
You hit the crocodile.
The crocodile is lightly wounded.
You hit the crocodile but do no damage.
The crocodile is lightly wounded.
The crocodile bites you!
* * * LOW HITPOINT WARNING * * *
Unknown command.
You hit the crocodile.
The crocodile is lightly wounded.
The crocodile bites you.
* * * LOW HITPOINT WARNING * * *
Unknown command.
The crocodile bites you!
* * * LOW HITPOINT WARNING * * *
The crocodile bites you.
You die...

#### #..# #..# #..# #..#
#..########################
###.........................#
................@t..>.......#
............###############.#
##########..# #.# # #..# #.#
# #..# #.# # #..# #.# # #..#
#.# # #..###############.#
##########.......<..........#


You could see a crocodile.

Vanquished Creatures
  A hydra (Lair:1)
  Erica (D:9)
  Pikel (D:8)
  A two-headed ogre (D:9)
  Prince Ribbit (D:8)
  A deep elf mage (D:10)
  12 yaks
  A hippogriff (D:9)
  A wyvern (D:7)
  2 water moccasins
  5 sky beasts
  2 black bears
  2 orc warriors (D:9)
  A phantom (D:7)
  5 centaurs
  An eye of draining (D:9)
  2 ice beasts (D:9)
  7 ogres
  2 big kobolds
  3 giant frogs
  A water moccasin zombie (D:8)
  A wyvern zombie (D:10)
  19 wights
  11 scorpions
  8 killer bees
  3 crimson imps
  3 hounds
  2 human zombies (Ossuary)
  2 centaur zombies (Ossuary)
  9 orc priests
  2 quasits (D:10)
  A giant frog skeleton (D:7)
  6 worker ants
  2 centaur skeletons
  2 giant frog zombies
  Jessica (D:2)
  4 iguanas
  Natasha (thrice) (D:4)
  8 orc wizards
  3 hound skeletons
  2 hound zombies
  3 mummies (Ossuary)
  10 adders
  4 scorpion zombies (Ossuary)
  14 gnolls
  3 oozes
  An adder skeleton (D:5)
  2 adder zombies
  A worm (D:2)
  6 giant geckos
  48 orcs
  2 ball pythons
  2 giant cockroaches
  7 goblins
  9 hobgoblins
  2 jackals (D:5)
  14 kobolds
  9 bats
  A giant gecko zombie (D:6)
  4 giant newts
  2 goblin zombies (Ossuary)
  A hobgoblin zombie (Ossuary)
  A jackal zombie (D:5)
  3 kobold zombies (Ossuary)
  2 orc zombies (Ossuary)
  6 quokkas
  4 rats
306 creatures vanquished.

Vanquished Creatures (others)
  A killer bee zombie (D:8)
1 creature vanquished.

Grand Total: 307 creatures vanquished

Notes
Turn   | Place    | Note
--------------------------------------------------------------
     0 | D:1      | Eucla the Ogre Berserker began the quest for the Orb.
     0 | D:1      | Reached XP level 1. HP: 24/24 MP: 1/1
    58 | D:1      | Reached XP level 2. HP: 18/32 MP: 2/2
   592 | D:2      | Reached ** piety under Trog
   592 | D:2      | Reached XP level 3. HP: 32/40 MP: 3/3
   789 | D:2      | Reached skill level 5 in Maces & Flails
  1017 | D:2      | Reached XP level 4. HP: 12/49 MP: 4/4
  1416 | D:2      | Noticed Jessica
  1420 | D:2      | Killed Jessica
  1490 | D:3      | Reached skill level 5 in Fighting
  1490 | D:3      | Reached skill level 6 in Maces & Flails
  1490 | D:3      | Reached XP level 5. HP: 42/57 MP: 5/5
  2294 | D:3      | Reached skill level 7 in Maces & Flails
  2294 | D:3      | Reached XP level 6. HP: 66/66 MP: 6/6
  2353 | D:3      | Reached *** piety under Trog
  2888 | D:4      | Reached skill level 8 in Maces & Flails
  2888 | D:4      | Reached XP level 7. HP: 75/75 MP: 7/7
  3295 | D:4      | Noticed Natasha
  3299 | D:4      | Killed Natasha
  3503 | D:4      | Noticed Natasha
  3513 | D:4      | Killed Natasha
  3641 | D:4      | Noticed Natasha
  3645 | D:4      | Killed Natasha
  3817 | D:5      | Entered Level 5 of the Dungeon
  3909 | D:5      | Received a gift from Trog
  4140 | D:5      | Reached **** piety under Trog
  4361 | D:5      | Reached skill level 9 in Maces & Flails
  4361 | D:5      | Reached XP level 8. HP: 22/84 MP: 8/8
  4817 | D:5      | Found a staircase to the Ecumenical Temple.
  5021 | D:6      | Reached skill level 5 in Dodging
  5202 | D:6      | Got a distressingly furry robe
  5213 | D:6      | Identified the +2 robe of Spite {rN+} (You found it on level 6 of the Dungeon)
  5213 | D:6      | Found a sand-covered staircase.
  5219 | Ossuary  | Entered an ossuary
  5402 | Ossuary  | Reached skill level 10 in Maces & Flails
  5720 | Ossuary  | Reached skill level 11 in Maces & Flails
  5962 | Ossuary  | Reached XP level 9. HP: 69/96 MP: 9/9
  6836 | D:6      | Reached skill level 12 in Maces & Flails
  7247 | D:7      | Reached skill level 13 in Maces & Flails
  7247 | D:7      | Reached XP level 10. HP: 98/107 MP: 10/10
  7445 | D:7      | Found an opulent altar of Gozag.
  7445 | D:7      | Found an ancient bone altar of Kikubaaqudgha.
  7489 | D:8      | Noticed Prince Ribbit
  7498 | D:8      | Killed Prince Ribbit
  7552 | D:8      | Reached skill level 10 in Fighting
  7966 | D:8      | Found a glowing golden altar of the Shining One.
  8075 | D:8      | Noticed Pikel
  8091 | D:8      | Killed Pikel
  8144 | D:8      | Found a stormy altar of Qazlal.
  8166 | D:8      | Reached skill level 14 in Maces & Flails
  8204 | D:9      | Noticed Erica
  8220 | D:9      | Killed Erica
  8722 | D:9      | Got a warped whip
  8723 | D:9      | Identified the +1 whip of Juraibeo {pain, MR+} (You found it on level 9 of the Dungeon)
  8808 | D:9      | Reached ***** piety under Trog
  8869 | D:9      | Found a staircase to the Orcish Mines.
  8917 | D:9      | Reached XP level 11. HP: 78/120 MP: 11/11
  9087 | D:9      | Found a sacrificial altar of Ru.
  9087 | D:9      | Found a shadowy altar of Dithmenos.
  9088 | D:9      | Found a deep blue altar of Sif Muna.
  9100 | D:9      | Reached skill level 15 in Maces & Flails
  9229 | D:9      | Found a basalt altar of Yredelemnul.
  9550 | D:10     | Entered Level 10 of the Dungeon
 10486 | D:10     | Found a staircase to the Lair.
 10779 | Lair:1   | Entered Level 1 of the Lair of Beasts
 10785 | Lair:1   | Noticed a six-headed hydra
 10803 | Lair:1   | Killed a six-headed hydra
 10803 | Lair:1   | Reached skill level 16 in Maces & Flails
 10825 | D:10     | HP: 2/123 [crocodile (16)]
 10827 | D:10     | Slain by a crocodile

Action                   |  1- 3 |  4- 6 |  7- 9 | 10-12 || total
-------------------------+-------+-------+-------+-------++-------
Melee: Mace              |   100 |    46 |       |       ||   146
       Flail             |       |   109 |     1 |       ||   110
       Giant club        |       |       |   123 |       ||   123
       Unarmed           |       |       |    15 |       ||    15
       Whip              |       |       |   265 |   464 ||   729
Invok: Trog's Hand       |       |     1 |     3 |     1 ||     5
       Berserk           |       |     5 |     4 |     3 ||    12
       Burn Spellbooks   |       |       |     2 |     1 ||     3
 Stab: Sleeping          |       |       |       |     1 ||     1
  Eat: Chunk             |       |    11 |     7 |     5 ||    23
       Fruit             |       |       |     9 |       ||     9
       Meat ration       |       |       |     1 |     2 ||     3
